| TOP OF THE 1ST |
|
Toronto Blue Jays batting - Pitching for Boston Red Sox : RHP Juan Cervantes
|
|
Pitching: RHP Juan Cervantes
|
|
|
Batting: LHB Nick Gordon
|
0-0: Called Strike 0-1: Ball 1-1: Called Strike 1-2: DOUBLE (Line Drive, 9LD, EV 110.6 MPH)
|
|
Batting: LHB António Chávez
|
0-0: Foul Ball, location: 3FF 0-1: Ball 1-1: Foul Ball, location: 2RF 1-2: Strikes out swinging
|
|
Batting: SHB Maake Arnold
|
0-0: Fly out, F8 (Flyball, 8LM, EV 91.3 MPH)
|
|
Batting: LHB Rintaro Ikeda
|
0-0: Called Strike 0-1: Ball 1-1: SINGLE (Groundball, 6MD, EV 106.3 MPH) Nick Gordon to third Runner from 3rd tries for Home, SAFE, throw by CF to home
|
|
Batting: LHB Alfredo Salinas
|
0-0: Fielders Choice at 2nd, 6-4 (Groundball, 6, EV 84.4 MPH)
|
| Top of the 1st over - 1 run, 2 hits, 0 errors, 1 left on base; Toronto 1 - Boston 0 |
| BOTTOM OF THE 1ST |
|
Boston Red Sox batting - Pitching for Toronto Blue Jays : LHP Madison Bumgarner
|
|
Pitching: LHP Madison Bumgarner
|
|
|
Batting: RHB Steve Pratt
|
0-0: Ball 1-0: Ball 2-0: Swinging Strike 2-1: Swinging Strike 2-2: Strikes out looking
|
|
Batting: LHB Rafael Devers
|
0-0: Ground out 6-3 (Groundball, 6MD, EV 96.3 MPH)
|
|
Batting: RHB Jim Williamson
|
0-0: Ball 1-0: Fly out, F8 (Line Drive, 8RS, EV 91.3 MPH)
|
| Bottom of the 1st over - 0 runs, 0 hits, 0 errors, 0 left on base; Toronto 1 - Boston 0 |
| TOP OF THE 2ND |
|
Toronto Blue Jays batting - Pitching for Boston Red Sox : RHP Juan Cervantes
|
|
Batting: LHB Robbie Miller
|
0-0: Called Strike 0-1: Called Strike 0-2: Strikes out looking
|
|
Batting: RHB Anthony Rendon
|
0-0: Called Strike 0-1: Ball 1-1: Called Strike 1-2: Ball 2-2: Strikes out swinging
|
|
Batting: LHB Rob Holt
|
0-0: Ball 1-0: Foul Ball, location: 3F 1-1: Swinging Strike 1-2: Ball 2-2: Strikes out looking
|
| Top of the 2nd over - 0 runs, 0 hits, 0 errors, 0 left on base; Toronto 1 - Boston 0 |
| BOTTOM OF THE 2ND |
|
Boston Red Sox batting - Pitching for Toronto Blue Jays : LHP Madison Bumgarner
|
|
Batting: RHB Cristián Colón
|
0-0: SINGLE (Line Drive, 8RS, EV 86.9 MPH)
|
|
Batting: RHB Xander Bogaerts
|
0-0: Called Strike 0-1: Ball 1-1: Fielders Choice at 2nd, 1-6 (Groundball, 13S, EV 67.5 MPH)
|
|
Batting: SHB Dan Combs
|
0-0: Called Strike 0-1: Ball 1-1: Ball 2-1: Foul Ball, location: 2F 2-2: Strikes out swinging
|
|
Batting: RHB Patrick Vitzhum
|
0-0: SINGLE (Line Drive, 89S, EV 96.3 MPH) Xander Bogaerts to second Runner from 2nd tries for 3rd, SAFE, throw by RF made to third
|
|
Batting: RHB Kevin Plawecki
|
0-0: Called Strike 0-1: Called Strike 0-2: Ball 1-2: Strikes out swinging
|
| Bottom of the 2nd over - 0 runs, 2 hits, 0 errors, 2 left on base; Toronto 1 - Boston 0 |
| TOP OF THE 3RD |
|
Toronto Blue Jays batting - Pitching for Boston Red Sox : RHP Juan Cervantes
|
|
Batting: RHB Yohel Pozo
|
0-0: Called Strike 0-1: Foul Ball, location: 9LSF 0-2: Ball 1-2: Ball 2-2: Foul Ball, location: 3FF 2-2: Strikes out swinging
|
|
Batting: LHB Nick Gordon
|
0-0: Ball 1-0: Called Strike 1-1: Foul Ball, location: 5FF 1-2: Fly out, F8 (Line Drive, 8RM, EV 100.6 MPH)
|
|
Batting: LHB António Chávez
|
0-0: Ball 1-0: Called Strike 1-1: Ball 2-1: Ground out 4-3 (Groundball, 4, EV 92.5 MPH)
|
| Top of the 3rd over - 0 runs, 0 hits, 0 errors, 0 left on base; Toronto 1 - Boston 0 |
| BOTTOM OF THE 3RD |
|
Boston Red Sox batting - Pitching for Toronto Blue Jays : LHP Madison Bumgarner
|
|
Batting: SHB Cole Tucker
|
0-0: Called Strike 0-1: Ball 1-1: Foul Ball, location: 2F 1-2: SINGLE (Line Drive, 8LS, EV 89.4 MPH)
|
|
Batting: RHB Steve Pratt
|
0-0: Ball 1-0: Ball 2-0: Ball 3-0: Called Strike 3-1: Ball Cole Tucker to second
|
|
Batting: LHB Rafael Devers
|
0-0: Ball 1-0: Ball 2-0: Ball 3-0: Called Strike 3-1: 3-RUN HOME RUN (Flyball, 78XD, EV 111.9 MPH), Distance : 434 ft
|
|
Batting: RHB Jim Williamson
|
0-0: Swinging Strike 0-1: Ball 1-1: Called Strike 1-2: Ground out 5-3 (Groundball, 56, EV 84.4 MPH)
|
|
Batting: RHB Cristián Colón
|
0-0: Foul Ball, location: 3SF 0-1: SINGLE (Line Drive, 4D, EV 99.4 MPH)
|
|
Batting: RHB Xander Bogaerts
|
0-0: Ball 1-0: Fly out, F6 (Popup, P, EV 81.3 MPH)
|
|
Batting: SHB Dan Combs
|
0-0: Ball 1-0: Ball 2-0: Swinging Strike 2-1: Swinging Strike 2-2: Ground out 4-3 (Groundball, 34S, EV 78.1 MPH)
|
| Bottom of the 3rd over - 3 runs, 3 hits, 0 errors, 1 left on base; Toronto 1 - Boston 3 |
| TOP OF THE 4TH |
|
Toronto Blue Jays batting - Pitching for Boston Red Sox : RHP Juan Cervantes
|
|
Batting: SHB Maake Arnold
|
0-0: Ball 1-0: Swinging Strike 1-1: SINGLE (Flyball, 56D, EV 93.1 MPH)
|
|
Batting: LHB Rintaro Ikeda
|
0-0: Ball 1-0: Ball Maake Arnold is caught stealing 2nd base 2-6 2-0: Ball 3-0: Called Strike 3-1: Fly out, F8 (Flyball, 8RD, EV 105.0 MPH)
|
|
Batting: LHB Alfredo Salinas
|
0-0: Called Strike 0-1: Swinging Strike 0-2: Ball 1-2: Foul Ball, location: 7LSF 1-2: Strikes out looking
|
| Top of the 4th over - 0 runs, 1 hit, 0 errors, 0 left on base; Toronto 1 - Boston 3 |
| BOTTOM OF THE 4TH |
|
Boston Red Sox batting - Pitching for Toronto Blue Jays : LHP Madison Bumgarner
|
|
Batting: RHB Patrick Vitzhum
|
0-0: Ball 1-0: Called Strike 1-1: Fly out, F8 (Flyball, 8LD, EV 104.4 MPH)
|
|
Batting: RHB Kevin Plawecki
|
0-0: Called Strike 0-1: Ground out 6-3 (Groundball, 6, EV 104.4 MPH)
|
|
Batting: SHB Cole Tucker
|
0-0: Called Strike 0-1: Called Strike 0-2: Ball 1-2: Ball 2-2: Strikes out swinging
|
| Bottom of the 4th over - 0 runs, 0 hits, 0 errors, 0 left on base; Toronto 1 - Boston 3 |
| TOP OF THE 5TH |
|
Toronto Blue Jays batting - Pitching for Boston Red Sox : RHP Juan Cervantes
|
|
Batting: LHB Robbie Miller
|
0-0: Ball 1-0: Foul Ball, location: 2F 1-1: Swinging Strike 1-2: Ball 2-2: Ball 3-2: Base on Balls
|
|
Batting: RHB Anthony Rendon
|
0-0: Called Strike 0-1: Ball 1-1: Fielders Choice at 2nd, 1-4 (Groundball, 15, EV 68.8 MPH)
|
|
Batting: LHB Rob Holt
|
0-0: Called Strike 0-1: Ball 1-1: Grounds into double play, 4-6-3 (Groundball, 34D, EV 86.9 MPH)
|
| Top of the 5th over - 0 runs, 0 hits, 0 errors, 0 left on base; Toronto 1 - Boston 3 |
| BOTTOM OF THE 5TH |
|
Boston Red Sox batting - Pitching for Toronto Blue Jays : LHP Madison Bumgarner
|
|
Batting: RHB Steve Pratt
|
0-0: Foul Ball, location: 9LDF 0-1: Ball 1-1: Ball 2-1: Ball 3-1: Ground out 4-3 (Groundball, 34, EV 88.1 MPH)
|
|
Batting: LHB Rafael Devers
|
0-0: Ball 1-0: Ball 2-0: Foul Ball, location: 3FF 2-1: Ball 3-1: Base on Balls
|
|
Batting: RHB Jim Williamson
|
0-0: DOUBLE (Line Drive, 78M, EV 103.8 MPH) Rafael Devers to third Runner from 3rd tries for Home, SAFE, no throw by LF
|
|
Batting: RHB Cristián Colón
|
0-0: Intentional Walk
|
|
Batting: RHB Xander Bogaerts
|
0-0: Ball Jim Williamson steals 3rd base Cristián Colón to second 1-0: Intentional Walk
|
|
Batting: SHB Dan Combs
|
0-0: Called Strike 0-1: Called Strike 0-2: Ball 1-2: Foul Ball, location: 2LF 1-2: Strikes out looking
|
|
Batting: RHB Patrick Vitzhum
|
0-0: Ball 1-0: Ball 2-0: Ball 3-0: Called Strike 3-1: Foul Ball, location: 2F 3-2: Fly out, F8 (Flyball, 89D, EV 106.9 MPH)
|
| Bottom of the 5th over - 1 run, 1 hit, 0 errors, 3 left on base; Toronto 1 - Boston 4 |
| TOP OF THE 6TH |
|
Toronto Blue Jays batting - Pitching for Boston Red Sox : RHP Juan Cervantes
|
|
Batting: RHB Yohel Pozo
|
0-0: Foul Ball, location: 3F 0-1: Foul Ball, location: 23F 0-2: Foul Ball, location: 3F 0-2: Ball 1-2: Ball 2-2: SINGLE (Line Drive, 7S, EV 95.0 MPH)
|
|
Batting: LHB Nick Gordon
|
0-0: Foul Ball, location: 7LMF 0-1: Foul Ball, location: 7LSF 0-2: Foul Ball, location: 7LMF 0-2: Ball 1-2: Ball 2-2: Fly out, F8 (Flyball, 8LD, EV 101.9 MPH)
|
|
Batting: LHB António Chávez
|
0-0: Ball 1-0: Called Strike 1-1: Ball 2-1: Grounds into double play, 6-4-3 (Groundball, 6, EV 83.1 MPH)
|
| Top of the 6th over - 0 runs, 1 hit, 0 errors, 0 left on base; Toronto 1 - Boston 4 |
| BOTTOM OF THE 6TH |
|
Boston Red Sox batting - Pitching for Toronto Blue Jays : LHP Madison Bumgarner
|
|
Batting: RHB Kevin Plawecki
|
0-0: Called Strike 0-1: Called Strike 0-2: Ball 1-2: Ball 2-2: SINGLE (Line Drive, 89S, EV 107.5 MPH)
|
|
Batting: SHB Cole Tucker
|
0-0: Ball 1-0: Foul Ball, location: 23F 1-1: Ball 2-1: Fly out, F4 (Line Drive, 4M, EV 102.5 MPH) Lined into DP, 4-3 (Line Drive, 4M, EV 102.5 MPH)
|
|
Batting: RHB Steve Pratt
|
0-0: Foul Ball, location: 2F 0-1: Ball 1-1: Called Strike 1-2: Ball 2-2: Strikes out swinging
|
| Bottom of the 6th over - 0 runs, 1 hit, 0 errors, 0 left on base; Toronto 1 - Boston 4 |
| TOP OF THE 7TH |
|
Toronto Blue Jays batting - Pitching for Boston Red Sox : RHP Juan Cervantes
|
|
Now at SS: Nelson Martínez
|
|
|
Batting: SHB Maake Arnold
|
0-0: Called Strike 0-1: SINGLE (Groundball, 4MD, EV 106.3 MPH)
|
|
Batting: LHB Rintaro Ikeda
|
0-0: Called Strike 0-1: Called Strike 0-2: Ball 1-2: Ball 2-2: Fielders Choice at 2nd, 3-6 (Groundball, 3, EV 83.8 MPH)
|
|
Batting: LHB Alfredo Salinas
|
0-0: Called Strike 0-1: Hit by Pitch Rintaro Ikeda to second
|
|
Batting: LHB Robbie Miller
|
0-0: Ball 1-0: SINGLE (Line Drive, 7S, EV 95.6 MPH) Rintaro Ikeda to third Alfredo Salinas to second
|
|
Batting: RHB Anthony Rendon
|
0-0: Ball 1-0: Swinging Strike 1-1: Called Strike 1-2: Strikes out swinging
|
|
Batting: LHB Rob Holt
|
0-0: Ground out 1-3 (Groundball, 13S, EV 66.3 MPH)
|
| Top of the 7th over - 0 runs, 2 hits, 0 errors, 3 left on base; Toronto 1 - Boston 4 |
| BOTTOM OF THE 7TH |
|
Boston Red Sox batting - Pitching for Toronto Blue Jays : LHP Madison Bumgarner
|
|
Pitching: RHP Max Pearson
|
|
|
Batting: LHB Rafael Devers
|
0-0: Ball 1-0: Ground out 4-3 (Groundball, 13, EV 84.4 MPH)
|
|
Batting: RHB Jim Williamson
|
0-0: Called Strike 0-1: Ball 1-1: Foul Ball, location: 25F 1-2: Ball 2-2: Foul Ball, location: 9LDF 2-2: Strikes out swinging
|
|
Batting: RHB Cristián Colón
|
0-0: Ball 1-0: Ball 2-0: Ball 3-0: Base on Balls
|
|
Batting: RHB Xander Bogaerts
|
0-0: Foul Ball, location: 2F 0-1: DOUBLE (Line Drive, 7LS, EV 90.6 MPH) Cristián Colón to third Runner from 3rd tries for Home, SAFE, no throw by LF
|
|
Batting: SHB Dan Combs
|
0-0: Intentional Walk
|
|
Batting: RHB Patrick Vitzhum
|
0-0: Fly out, F8 (Flyball, 78D, EV 111.3 MPH)
|
| Bottom of the 7th over - 1 run, 1 hit, 0 errors, 2 left on base; Toronto 1 - Boston 5 |
| TOP OF THE 8TH |
|
Toronto Blue Jays batting - Pitching for Boston Red Sox : RHP Juan Cervantes
|
|
Batting: RHB Yohel Pozo
|
0-0: Called Strike 0-1: Ball 1-1: Foul Ball, location: 2F 1-2: Foul Ball, location: 2F 1-2: SINGLE (Groundball, 4MD, EV 102.5 MPH)
|
|
Batting: LHB Nick Gordon
|
0-0: Ball 1-0: Swinging Strike 1-1: Swinging Strike 1-2: Ball 2-2: Ball 3-2: Strikes out looking
|
|
Pitching: RHP Tristan Robinson
|
|
|
Batting: LHB António Chávez
|
0-0: Swinging Strike 0-1: Foul Ball, location: 23F 0-2: Ball 1-2: Strikes out swinging
|
|
Batting: SHB Maake Arnold
|
0-0: Foul Ball, location: 2F 0-1: Foul Ball, location: 2F 0-2: Ball 1-2: Foul Ball, location: 25F 1-2: Ball 2-2: Ball 3-2: Foul Ball, location: 2F 3-2: Ground out 6-3 (Groundball, 4M, EV 84.4 MPH)
|
| Top of the 8th over - 0 runs, 1 hit, 0 errors, 1 left on base; Toronto 1 - Boston 5 |
| BOTTOM OF THE 8TH |
|
Boston Red Sox batting - Pitching for Toronto Blue Jays : RHP Max Pearson
|
|
Pitching: RHP Eric Morgan
|
|
|
Batting: RHB Kevin Plawecki
|
0-0: Called Strike 0-1: Swinging Strike 0-2: Ball 1-2: Foul Ball, location: 25F 1-2: Fly out, F9 (Flyball, 9D, EV 103.1 MPH)
|
|
Batting: RHB Nelson Martínez
|
0-0: Swinging Strike 0-1: Fly out, F6 (Popup, 4MS, EV 80.6 MPH)
|
|
Batting: RHB Steve Pratt
|
0-0: Foul Ball, location: 2F 0-1: Ball 1-1: Swinging Strike 1-2: SOLO HOME RUN (Flyball, 89XD, EV 111.3 MPH), Distance : 437 ft
|
|
Batting: LHB Rafael Devers
|
0-0: Ball 1-0: Ball 2-0: Called Strike 2-1: Foul Ball, location: 5SF 2-2: Strikes out swinging
|
| Bottom of the 8th over - 1 run, 1 hit, 0 errors, 0 left on base; Toronto 1 - Boston 6 |
| TOP OF THE 9TH |
|
Toronto Blue Jays batting - Pitching for Boston Red Sox : RHP Tristan Robinson
|
|
Batting: LHB Rintaro Ikeda
|
0-0: Called Strike 0-1: Fly out, F9 (Flyball, 9S, EV 90.6 MPH)
|
|
Batting: LHB Alfredo Salinas
|
0-0: Ball 1-0: Foul Ball, location: 5DF 1-1: SINGLE (Line Drive, 9LS, EV 86.9 MPH)
|
|
Batting: LHB Robbie Miller
|
0-0: Called Strike 0-1: Ball 1-1: Swinging Strike 1-2: Strikes out swinging
|
|
Batting: RHB Anthony Rendon
|
0-0: Called Strike 0-1: Ball 1-1: Ball 2-1: Foul Ball, location: 3F 2-2: Foul Ball, location: 2F 2-2: Reached on error, E4 (Groundball, 4S, EV 78.1 MPH) Alfredo Salinas to second
|
|
Batting: LHB Rob Holt
|
0-0: Ground out 6-3 (Groundball, P, EV 76.3 MPH)
|
| Top of the 9th over - 0 runs, 1 hit, 1 error, 2 left on base; Toronto 1 - Boston 6 |
|